 Dungeon Crawl Stone Soup version 0.26-b1-45-g23770d1d51 (webtiles) character file.

Game seed: 14807257002762070723

130 raceaflais the Sneak (level 4, -1/33 HPs)
             Began as a Demonspawn Brigand on Jan 6, 2021.
             Slain by an orc
             ... wielding a +1 whip of electrocution
              (16 damage)
             ... on level 3 of the Dungeon.
             The game lasted 00:11:35 (2395 turns).

raceaflais the Sneak (Demonspawn Brigand)           Turns: 2395, Time: 00:11:36

Health: -1/33      AC:  4    Str: 11    XL:     4   Next: 90%
Magic:  4/4        EV: 14    Int: 13    God:
Gold:   139        SH:  0    Dex: 15    Spells: 3/3 levels left

rFire    + . .     SeeInvis .   e - +0 short sword (drain)
rCold    . . .     Faith    .   (no shield)
rNeg     . . .     Spirit   .   b - +0 robe
rPois    .         Reflect  .   m - +1 hat
rElec    .         Harm     .   c - +0 cloak
rCorr    .         Rampage  .   (no gloves)
Will     .....                  (no boots)
Stlth    +++.......             h - amulet of magic regeneration
HPRegen  0.11/turn              (no ring)
MPRegen  0.34/turn              (no ring)

@: no status effects
A: repulsion field 1, fire resistance 1
a: no special abilities


You were on level 3 of the Dungeon.
You visited 1 branch of the dungeon, and saw 3 of its levels.

You collected 139 gold pieces.

Inventory:

Hand Weapons
 a - a +2 dagger
 e - a +0 short sword of draining (weapon)
 t - a +0 hunting sling
Missiles
 f - 129 stones
 g - a boomerang (quivered)
 p - a curare-tipped dart
 s - 3 poisoned darts
Armour
 b - a +0 robe (worn)
 c - a +0 cloak (worn)
 i - a +0 ring mail
 m - a +1 hat (worn)
 q - a +0 animal skin
 r - a +0 helmet
Jewellery
 h - an amulet of magic regeneration (around neck)
 j - a cursed ring of teleportation {unknown}
 n - a +6 ring of dexterity {unknown}
 u - an uncursed amulet of faith {unknown}
 w - a cursed ring of resist corrosion {unknown}
Wands
 d - a wand of random effects (22)
Scrolls
 k - a scroll of remove curse
 l - 2 scrolls of fog
Potions
 o - a potion of attraction {unknown}
 x - a potion of heal wounds {unknown}


   Skills:
 + Level 2.3 Fighting
 + Level 2.2 Short Blades
 + Level 2.8 Throwing
 + Level 1.7 Dodging
 + Level 4.7 Stealth


You had 3 spell levels left.
You didn't know any spells.
Your spell library was empty.

Dungeon Overview and Level Annotations

Branches:
Dungeon (3/15)

Altars:
Elyvilon
Zin


Innate Abilities, Weirdness & Mutations

You are surrounded by a mild repulsion field. (EV +2)
Your flesh is heat resistant. (rF+)


Message History

The orc is moderately wounded.
The orc closely misses you.
You throw a boomerang. The boomerang closely misses the orc.
The boomerang barely misses the orc.
The boomerang hits the orc priest but does no damage.
The orc misses you.
You throw a boomerang. The boomerang hits the orc.
The orc is heavily wounded.
The orc hits you with a +1 whip of electrocution.
The orc priest looks satisfied for a moment.
The orc closely misses you.
You throw a boomerang.
The boomerang completely misses the orc.
The boomerang closely misses the orc.
The boomerang closely misses the orc priest.
The orc priest mumbles some strange prayers to Beogh against you.
Beogh smites you!
The orc hits you with a +1 whip of electrocution.
You are electrocuted!
You die...

..)....#.#.#.#.#.#.#.
.##.#.#.#.#.#.#.#. ..
##.#.#.#.#.#.#.. .
#.#.#.#.#.#.#.#
##.#.#.#.#.#.#
#.#.#.#.#.#.#
##.#.#.#.#.#
#.#.#.#.#.#
##.#.#.#@#
..#.#.#o#.....#
...+#.#o# ....... ...
##o# .....#. .. #.
##+### . . ..


You could see an orc priest and 2 orcs.

Vanquished Creatures
  Robin (D:2)
  3 adders (D:2)
  2 oozes (D:2)
  2 dart slugs
  3 leopard geckos
  4 orcs
  2 ball pythons
  4 giant cockroaches
  14 goblins
  12 hobgoblins
  A quokka (D:2)
  3 bats (D:2)
  2 frilled lizards (D:2)
  9 kobolds
  8 rats
70 creatures vanquished.

Vanquished Creatures (others)
  5 plants (D:2)
5 creatures vanquished.

Grand Total: 75 creatures vanquished

Notes
Turn   | Place    | Note
-------+----------+-------------------------------------------
     0 | D:1      | raceaflais the Demonspawn Brigand began the quest for the
                  | Orb.
     0 | D:1      | Reached XP level 1. HP: 16/16 MP: 1/1
   258 | D:1      | Reached skill level 4 in Stealth
   285 | D:1      | Reached skill level 1 in Dodging
   337 | D:1      | Gained mutation: You are surrounded by a mild repulsion
                  | field. (EV +2) [demonic ancestry]
   337 | D:1      | Reached XP level 2. HP: 22/22 MP: 2/2
   965 | D:2      | Gained mutation: Your flesh is heat resistant. (rF+)
                  | [demonic ancestry]
   965 | D:2      | Reached XP level 3. HP: 27/27 MP: 3/3
  1311 | D:2      | Found a faded altar of an unknown god.
  1325 | D:2      | Found a white marble altar of Elyvilon.
  1377 | D:2      | Found a glowing silver altar of Zin.
  1612 | D:2      | Reached XP level 4. HP: 33/33 MP: 4/4
  1811 | D:2      | Noticed Robin
  1827 | D:2      | Killed Robin
  2395 | D:3      | Slain by an orc

Illustrated notes

Levels and vault maps discovered:
D:1:      evilmike_arrival_rings, layout_loops_ring
D:2:      layout_basic, lemuel_round_altar, zin_treasury,
          chequers_ecumenical_altar_simple_redux, serial_bayou_pond_b,
          grunt_decor_clamped, guppyfry_early_orc_mine, uniq_robin
D:3:      layout_basic, lemuel_doored_altar, gammafunk_ghost_arena,
          grunt_ministairs_5

Skill      XL: |  1  2  3  4 |
---------------+-------------+-----
Stealth        | 4 |  4.7
Dodging        | 1 |  1.7
Throwing       | 2 |  2.8
Short Blades   | 2 |  2.2
Fighting       | |  2.3

Action                   |  1- 3 |  4- 6 || total
-------------------------+-------+-------++-------
Melee: Dagger            |    74 |    29 ||   103
       Short sword       |       |     4 ||     4
Throw: Dart              |    43 |    18 ||    61
       Stone             |    23 |     5 ||    28
       Boomerang         |       |    49 ||    49
  Use: Scroll            |     6 |     4 ||    10
       Potion            |     1 |     1 ||     2
 Stab: Sleeping          |     2 |       ||     2
Armor: Robe              |    15 |     3 ||    18
       Skin              |     2 |       ||     2
Dodge: Dodged            |    66 |    43 ||   109
